 Dungeon Crawl Stone Soup version 0.16.0-18-g484a79e (console) character file.

126 gw the Magician (level 4, -2/25 HPs)
             Began as a Deep Elf Air Elementalist on Mar 22, 2015.
             Killed by their own static electricity (3 damage)
             ... on level 3 of the Dungeon.
             The game lasted 00:02:35 (2842 turns).

gw the Magician (Deep Elf Air Elementalist)         Turns: 2842, Time: 00:02:35

Health: -2/25      AC:  6    Str:  5    XL:     4   Next: 83%
Magic:  9/15       EV: 12    Int: 21    God:
Gold:   108        SH:  0    Dex: 15    Spells: 5 memorised, 0 levels left

rFire  . . .     SeeInvis .     a - +0 short sword
rCold  . . .     Clarity  .     c - +0 leather armour
rNeg   . . .     SustAb   .     (no shield)
rPois  .         Gourm    .     (no helmet)
rElec  .         Spirit   .     (no cloak)
rCorr  .         Warding  .     f - +2 pair of gloves
rMut   .         Stasis   .     (no boots)
MR     .....                    (no amulet)
Stlth  ++........               (no ring)
                                (no ring)

@: about to teleport, repel missiles, not resistant to hostile enchantments,
unstealthy
A: no striking features
a: no special abilities


You were on level 3 of the Dungeon.
You were not hungry.

You visited 1 branch of the dungeon, and saw 3 of its levels.

You collected 108 gold pieces.

Inventory:

Hand weapons
 a - a +0 short sword (weapon)
Armour
 c - a +0 leather armour (worn)
 f - a +2 pair of gloves (worn)
Scrolls
 g - a scroll of teleportation
Potions
 e - 2 potions of restore abilities
 h - a potion of curing
Books
 b - a book of Air

   Spells                             Type                      Level
   a - Shock                          Conjuration/Air              1
   b - Swiftness                      Charms/Air                   2
   c - Repel Missiles                 Charms/Air                   2
   d - Flight                         Charms/Air                   3
   e - Static Discharge               Conjuration/Air              3
   f - Lightning Bolt                 Conjuration/Air              5
Comestibles
 d - a slice of pizza
 i - 2 bread rations


   Skills:
 + Level 1.2 Fighting
 + Level 1.3 Armour
 - Level 2.4 Dodging
 - Level 2.4 Stealth
 + Level 4.2 Spellcasting
 - Level 1.1 Conjurations
 + Level 4.2 Air Magic


You couldn't memorise any spells.
You knew the following spells:

 Your Spells              Type           Power        Failure   Level  Hunger
a - Shock                 Conj/Air       ###.         10%         1    None
b - Swiftness             Chrm/Air       ##......     14%         2    #......
c - Repel Missiles        Chrm/Air       ##....       14%         2    #......
d - Flight                Chrm/Air       ##........   24%         3    ###....
e - Static Discharge      Conj/Air       ###.....     21%         3    ###....


Dungeon Overview and Level Annotations

Branches:
Dungeon (3/15)

Altars:
Cheibriados
Gozag
Nemelex Xobeh
Zin

Shops:
D:2 *


Message History

Unknown command.
Unknown command.
Unknown command.
Casting: Shock
Confirm with . or Enter, or press ? or * to list all spells.
You feel protected from missiles.
The orc shouts!
Eat which item? (? for menu, Esc to quit)
You don't have any such object.
Eat which item? (? for menu, Esc to quit)
You can't eat that!
Unknown command.
Unknown command.
Unknown command.
Casting: Repel Missiles
Confirm with . or Enter, or press ? or * to list all spells.
The orc wizard is struck by lightning.
The orc wizard is severely wounded.
The lightning arcs!
You are struck by lightning.
You die...

.#########.#
...##......# ###
##.##.###..# ..#
......###..# #.#
.#.....##..###.#
.#...........#.# .
.#.###....##)#.# .o.
...#
###.###...####......
#### #.# ####.eo.# .
#.# #..?....... ##
#. #....###.. .#
#..)... ) #....### #
...... .# ..####. .#
..(# . .# ...


You could see an orc wizard and an orc.

Table legend:
 A = Turns spent in this place as a percentage of turns spent in the entire game.
 B = Non-inter-level travel turns spent in this place as a percentage of non-inter-level travel turns spent in the entire game.
 C = Inter-level travel turns spent in this place as a percentage of turns spent in this place.
 D = Turns resting spent in this place as a percentage of non-inter-level travel turns spent in this place.
 E = Turns spent auto-exploring this place as a percentage of non-inter-level travel turns spent in this place.
 F = Non-inter-level travel turns spent in this place divided by the number of levels of this place that you've seen.
                   A       B       C       D       E      F
               +-------+-------+-------+-------+-------+----------------------
         Total | 100.0 | 100.0 |   0.2 |   3.7 |   3.1 | 1108.3
       Dungeon | 100.0 | 100.0 |   0.2 |   3.7 |   3.1 | 1108.3
               +-------+-------+-------+-------+-------+----------------------

Table legend:
 A = Kills in this place as a percentage of kills in entire the game.
 B = Kills by you in this place as a percentage of kills by you in the entire game.
 C = Kills by friends in this place as a percentage of kills by friends in the entire game.
 D = Other kills in this place as a percentage of other kills in the entire game.
 E = Experience gained in this place as a percentage of experience gained in the entire game.
 F = Experience gained in this place divided by the number of levels of this place that you have seen.
                   A       B       C       D       E      F
               +-------+-------+-------+-------+-------+----------------------
         Total | 100.0 | 100.0 |  -nan |  -nan | 100.0 |  60.0
       Dungeon | 100.0 | 100.0 |  -nan |  -nan | 100.0 |  60.0
               +-------+-------+-------+-------+-------+----------------------

Vanquished Creatures
  Ijyb (D:2)
  Terence (D:2)
  4 adders
  2 worms (D:2)
  2 giant geckos (D:1)
  An orc (D:3)
  6 bats
  4 giant cockroaches
  4 hobgoblins
  3 jackals (D:2)
  2 quokkas
  A ball python (D:1)
  4 giant newts
  5 goblins
  9 kobolds
  3 rats
52 creatures vanquished.

Notes
Turn   | Place    | Note
--------------------------------------------------------------
     0 | D:1      | gw, the Deep Elf Air Elementalist, began the quest for the Orb.
     0 | D:1      | Reached XP level 1. HP: 10/10 MP: 5/5
   172 | D:1      | Found a snail-covered altar of Cheibriados.
   459 | D:1      | Reached XP level 2. HP: 15/15 MP: 6/8
   480 | D:1      | Learned a level 2 spell: Swiftness
   483 | D:1      | Learned a level 2 spell: Repel Missiles
   869 | D:1      | Learned a level 1 spell: Shock
  1029 | D:2      | Reached XP level 3. HP: 18/20 MP: 6/11
  1073 | D:2      | Learned a level 3 spell: Flight
  1398 | D:2      | Reached skill level 1 in Armour
  1398 | D:2      | Reached skill level 4 in Spellcasting
  1449 | D:2      | Noticed Terence
  1469 | D:2      | Killed Terence
  1469 | D:2      | Reached XP level 4. HP: 10/24 MP: 0/15
  1643 | D:2      | Learned a level 3 spell: Static Discharge
  1869 | D:2      | Reached skill level 1 in Fighting
  1898 | D:2      | Found Zin's Purification Station.
  1900 | D:2      | Found a glowing silver altar of Zin.
  2166 | D:2      | Noticed Ijyb
  2176 | D:2      | Killed Ijyb
  2305 | D:2      | Found a sparkling altar of Nemelex Xobeh.
  2305 | D:2      | Found an opulent altar of Gozag.
  2839 | D:3      | HP: 1/25 [orc priest/divine providence (13)]
  2842 | D:3      | Killed from afar by themself

Action                   |  1- 3 |  4- 6 || total
-------------------------+-------+-------++-------
Melee: Short sword       |     6 |     8 ||    14
 Cast: Shock             |    82 |    52 ||   134
       Repel Missiles    |     1 |     1 ||     2
       Static Discharge  |       |     1 ||     1
  Use: Scroll            |     4 |     3 ||     7
       Potion            |     1 |     1 ||     2
  Eat: Bread ration      |     1 |       ||     1
       Chunk             |       |     1 ||     1

Vault maps used:
D:1:      ncdulo_watergridlock, cheibriados_altar_1
D:2:      grunt_temple_overflow_opulence, zin_purify, first_bread, uniq_iyjb,
          uniq_terence
D:3:      minmay_lizard_king
